Cogmind - Beta 12 @@@ ROGUE MODE // 2023.03.10 @ 23:54:57 // Winter2019/RPGLIKE Player: Wayland Result: Destroyed by G-47 Trooper with Particle Gun Performance ------------- Evolutions (3) 1500 Regions Visited (5) 1000 Robots Destroyed (35) 175 Value Destroyed (1375) 1375 Prototype IDs (2) 40 Alien Tech Used (0) 0 Bonus (200) 200 TOTAL SCORE: 4290 Bonus ------- Entered Garrisons 200 Cogmind --------- Core Integrity 0/900 Matter 350/350 Energy 194/200 System Corruption 0% Temperature Cool (9) Movement Rolling (100) Location -7/Garrison Parts ------- > --- POWER (1) -------- (None) > --- PROPULSION (2) --- Armored Huge Wheel > --- UTILITY (3) ------ Signal Interpreter Improved Melee Analysis Suite Core Analyzer > --- WEAPON (2) ------- Katana Axe > --- INVENTORY (2) ---- Protomatter-35 Improved Shield Generator Peak State ------------ > --- POWER ------------ Light Angular Momentum Engine > --- PROPULSION ------- Armored Huge Wheel > --- UTILITY ---------- Signal Interpreter Improved Melee Analysis Suite Core Analyzer > --- WEAPON ----------- Katana Axe > --- INVENTORY -------- Protomatter [Rating: 28] Favorites ----------- Power Light Angular Momentum Engine Engine Light Angular Momentum Engine Power Core Light Nuclear Core Propulsion Wheel Wheel Wheel Utility Signal Interpreter Device Heat Sink Processor Signal Interpreter Protection Light Armor Plating Weapon Katana Energy Gun Small Laser Ballistic Gun Assault Rifle Slashing Weapon Katana Build | -11 -10 -9 -8 -7 -7 ------- Run | Jun Mat Mat Mat Fac Gar Slots Evolved 4 | 3 . 1 . . . Power . | . . . . . . Propulsion 1 | 1 . . . . . Utility 2 | 1 . 1 . . . Weapon 1 | 1 . . . . . Parts Attached 22 | 4 5 6 3 4 . Power 3 | . 1 1 1 . . Engine 1 | . . . 1 . . Core 2 | . 1 1 . . . Reactor . | . . . . . . Propulsion 6 | 2 2 1 . 1 . Treads . | . . . . . . Leg . | . . . . . . Wheel 6 | 2 2 1 . 1 . Hover . | . . . . . . Flight . | . . . . . . Utility 7 | . 2 2 1 2 . Device 1 | . 1 . . . . Storage . | . . . . . . Processor 3 | . 1 . . 2 . Hackware . | . . . . . . Protection 3 | . . 2 1 . . Artifact . | . . . . . . Weapon 6 | 2 . 2 1 1 . Energy Gun 1 | 1 . . . . . Energy Cannon . | . . . . . . Ballistic Gun 2 | 1 . 1 . . . Ballistic Cannon . | . . . . . . Launcher . | . . . . . . Special Weapon . | . . . . . . Impact Weapon . | . . . . . . Slashing Weapon 3 | . . 1 1 1 . Piercing Weapon . | . . . . . . Special Melee Weapon . | . . . . . . Unidentified Prototypes . | . . . . . . Parts Lost 2 | . . . . 1 1 Power 1 | . . . . . 1 Propulsion . | . . . . . . Utility 1 | . . . . 1 . Weapon . | . . . . . . Highest Loss Streak 1 | . . . . 1 1 To Critical Strikes . | . . . . . . Average Slot Usage (%) 93 | . 94 96 100 85 80 Engine 6 | . 2 . 8 12 5 Core 5 | . 11 12 4 . . Wheel 21 | . 28 24 25 12 12 Device 9 | . 11 12 12 4 . Processor 15 | . 10 12 12 21 37 Protection 7 | . . 9 12 8 . Ballistic Gun 9 | . 28 15 1 . . Slashing Weapon 15 | . . 8 23 25 25 Naked Turns . | . . . . . . Heaviest Build 21 | 7 10 14 21 21 14 Greatest Support 33 | 20 20 20 25 33 33 Greatest Overweight (x) 1 | 1 . 1 1 . . Average Overweight (x) . | . . . . . . Largest Inventory Capacity 2 | . . 1 1 2 2 Average Capacity . | . . . 1 1 2 Most Carried 2 | . . 1 1 1 2 Average Carried . | . . . . . 1 Final Capacity 2 | . . 1 1 2 2 Final Carried 2 | . . 1 1 1 2 Class Distribution -------------------- 72% | Hacker-Mutant 27% | Mutant Dominant Class ---------------- Mutant | -10/Materials Hacker-Mutant | -9/Materials Hacker-Mutant | -8/Materials Hacker-Mutant | -7/Factory Hacker-Mutant | -7/Garrison Resources | -11 -10 -9 -8 -7 -7 ----------- Run | Jun Mat Mat Mat Fac Gar Matter Collected 714 | 260 298 41 80 35 . Remotely . | . . . . . . Salvage Created 1045 | . 305 79 253 344 64 Parts 84 | . 23 3 21 29 8 Haulers Intercepted 1 | . . . 1 . . Recyclers Shooed . | . . . . . . Parts Field Recycled . | . . . . . . Retrieved Matter . | . . . . . . Parts Self-Destructed . | . . . . . . Prevented . | . . . . . . Kills | -11 -10 -9 -8 -7 -7 ------- Run | Jun Mat Mat Mat Fac Gar Combat Hostiles Destroyed 33 | . 11 1 7 10 4 Melee 21 | . . . 7 10 4 Guns 12 | . 11 1 . . . Classes Destroyed 8 | . 3 1 1 3 . Worker 1 | . 1 . . . . Hauler 1 | . . . 1 . . Swarmer 5 | . 3 . . . 2 Grunt 22 | . 8 . 7 5 2 Duelist 1 | . . . . 1 . Sentry 2 | . . 1 . 1 . Hunter 2 | . . . . 2 . Programmer 1 | . . . . 1 . Best Kill Streak 6 | . 3 1 5 6 3 Combat Bots Only 6 | . 3 1 5 6 3 Max Kills in Single Turn 1 | . 1 1 1 1 1 Gunslinging . | . . . . . . Exploded . | . . . . . . Melee 1 | . . . 1 1 1 Uniques/NPCs Destroyed . | . . . . . . Combat | -11 -10 -9 -8 -7 -7 -------- Run | Jun Mat Mat Mat Fac Gar Damage Taken 2503 | . 460 66 287 695 995 Core 1956 | . 373 54 211 489 829 Absorbed by Shields . | . . . . . . Redirected to Core 1331 | . 290 40 100 357 544 Core Remaining (%) 96 | 100 98 91 98 . . Volleys Fired 41 | . 38 3 . . . Largest 2 | . 2 2 . . . Hottest 43 | . 40 43 . . . Shots Fired 82 | . 76 6 . . . Gun 82 | . 76 6 . . . Cannon . | . . . . . . Launcher . | . . . . . . Special . | . . . . . . Kinetic 82 | . 76 6 . . . Thermal . | . . . . . . Explosive . | . . . . . . Electromagnetic . | . . . . . . Robot Hit Streak 7 | . 7 5 . . . Robot Miss Streak 5 | . 5 2 . . . Penetration Max . | . . . . . . Secondary Targets 1 | . 1 . . . . Max Gunslinging Chain 1 | . 1 . . . . Shots Hit Robots 110 | . 46 4 23 28 9 Core Hits 50 | . 21 2 10 13 4 Critical Kills . | . . . . . . Critical Parts Destroyed . | . . . . . . Critical Strikes 5 | . . . 1 2 2 Sever 5 | . . . 1 2 2 Melee Attacks 91 | . . 8 28 38 17 Impact . | . . . . . . Slashing 91 | . . 8 28 38 17 Piercing . | . . . . . . Sneak Attacks 2 | . . . 2 . . Combat Hostiles . | . . . . . . Follow-up Attacks 8 | . . . 4 4 . Damage Inflicted 2662 | . 604 57 810 855 336 Guns 661 | . 604 57 . . . Cannons . | . . . . . . Explosions . | . . . . . . Melee 2001 | . . . 810 855 336 Ramming . | . . . . . . Kinetic 661 | . 604 57 . . . Thermal . | . . . . . . Explosive . | . . . . . . Electromagnetic . | . . . . . . Impact . | . . . . . . Slashing 2001 | . . . 810 855 336 Piercing . | . . . . . . Highest Corruption . | . . . . . . Average Corruption . | . . . . . . Corruption Purged . | . . . . . . Corruption Blocked . | . . . . . . Overload Shots . | . . . . . . Overflow Damage 22 | . . . 13 . 9 Projectiles . | . . . . . . Explosions . | . . . . . . Melee 22 | . . . 13 . 9 Knockbacks . | . . . . . . Impact . | . . . . . . Kinetic . | . . . . . . Secondary . | . . . . . . Self-Inflicted Damage . | . . . . . . Shots . | . . . . . . Rammed . | . . . . . . Targets Rammed . | . . . . . . Kicked . | . . . . . . Crushed . | . . . . . . Highest Temperature 12 | . 12 . . 8 11 Average Temperature 5 | . 5 . . 8 5 Received Heat Transfer 912 | . 219 18 171 123 381 Siege Activations . | . . . . . . Robots Corrupted . | . . . . . . Combat Hostiles . | . . . . . . Parts Fried . | . . . . . . Impact Corruptions . | . . . . . . Robots Melted . | . . . . . . Combat Hostiles . | . . . . . . Parts Melted . | . . . . . . Heat Transferred . | . . . . . . Parts Sabotaged . | . . . . . . Parts Stolen . | . . . . . . Parts Stripped . | . . . . . . Power Chain Reactions . | . . . . . . Missiles Intercepted . | . . . . . . Alert | -11 -10 -9 -8 -7 -7 ------- Run | Jun Mat Mat Mat Fac Gar Peak Influence 362 | . 211 134 302 350 362 Initial 252 | . . 89 9 59 252 Average 145 | . 90 45 191 183 287 Maximum Alert Level 1 | . 1 . 1 1 1 Low Security (%) 65 | 100 90 100 34 67 . Level 1 34 | . 9 . 65 32 100 Level 2 . | . . . . . . Level 3 . | . . . . . . Level 4 . | . . . . . . Level 5 . | . . . . . . High Security . | . . . . . . Max Security . | . . . . . . Squads Dispatched 10 | . 2 2 4 2 . Investigation 4 | . . 1 2 1 . Extermination 1 | . . . . 1 . Reinforcement 5 | . 2 1 2 . . Assault . | . . . . . . Garrison . | . . . . . . Intercept . | . . . . . . Searches Triggered . | . . . . . . Construction Impeded . | . . . . . . Haulers Reinforced . | . . . . . . Active Scanning Responses . | . . . . . . Cargo Convoy Interrupts . | . . . . . . Stealth | -11 -10 -9 -8 -7 -7 --------- Run | Jun Mat Mat Mat Fac Gar Distress Signals 3 | . 1 . 1 1 . Communications Jammed . | . . . . . . Distress Signals . | . . . . . . Times Spotted 78 | . 22 6 23 15 12 Peak Tracking Total 11 | . 5 3 4 5 11 Tactical Retreats 7 | . 1 . 5 . 1 Traps | -11 -10 -9 -8 -7 -7 ------- Run | Jun Mat Mat Mat Fac Gar Traps Triggered 2 | . . 1 . 1 . Indirectly . | . . . . . . Trap Hack Attempts . | . . . . . . Triggered . | . . . . . . Disarmed . | . . . . . . Reprogrammed . | . . . . . . Reused . | . . . . . . Traps Extracted . | . . . . . . Installed . | . . . . . . Triggered . | . . . . . . Machines | -11 -10 -9 -8 -7 -7 ---------- Run | Jun Mat Mat Mat Fac Gar Machines Disabled 1 | . 1 . . . . Max in Single Turn 1 | . 1 . . . . Machines Repaired . | . . . . . . Machines Sabotaged . | . . . . . . Overloaded Fab Kills . | . . . . . . Hacking | -11 -10 -9 -8 -7 -7 --------- Run | Jun Mat Mat Mat Fac Gar Machines Accessed 15 | . 4 5 3 3 . Terminals 12 | . 4 4 2 2 . Fabricators . | . . . . . . Repair Stations . | . . . . . . Recycling Units 1 | . . . 1 . . Scanalyzers 1 | . . 1 . . . Garrison Access 1 | . . . . 1 . Total Hacks 49 | . 9 24 9 7 . Successful 23 | . 5 12 4 2 . Failed 26 | . 4 12 5 5 . Catastrophic 8 | . 1 4 2 1 . Database Lockouts . | . . . . . . Manual 27 | . 8 13 6 . . Terminals 41 | . 9 19 7 6 . Fabricators . | . . . . . . Repair Stations . | . . . . . . Recycling Units 2 | . . . 2 . . Scanalyzers 5 | . . 5 . . . Garrison Access 1 | . . . . 1 . Terminal Hacks 15 | . 5 7 2 1 . Record 1 | . . 1 . . . Prototype ID Bank 1 | . . 1 . . . Open DSF 1 | . . . . 1 . Branch Access Points 1 | . . 1 . . . Machine Index 1 | . . 1 . . . Terminal Index 1 | . 1 . . . . Unreport Threat 7 | . 3 3 1 . . Recall Reinforcements 1 | . . . 1 . . Zone Layout 1 | . 1 . . . . Fabricator Hacks . | . . . . . . Repair Station Hacks . | . . . . . . Recycling Unit Hacks 1 | . . . 1 . . Report Inventory 1 | . . . 1 . . Scanalyzer 4 | . . 4 . . . Insert Component 2 | . . 2 . . . Analyze 2 | . . 2 . . . Garrison Access Hacks 1 | . . . . 1 . Unlock Access 1 | . . . . 1 . Unauthorized Hacks 2 | . . 1 1 . . Terminals . | . . . . . . Fabricators . | . . . . . . Repair Stations . | . . . . . . Recycling Units 1 | . . . 1 . . Tunnel 1 | . . . 1 . . Scanalyzers 1 | . . 1 . . . Extract 1 | . . 1 . . . Garrison Access . | . . . . . . Data Cores Recovered . | . . . . . . Used . | . . . . . . Hacking Detections 12 | . 4 4 2 2 . Full Trace Events 3 | . . 1 1 1 . Feedback Events . | . . . . . . Feedback Blocked . | . . . . . . Robot Schematics Acquired . | . . . . . . Robots Built . | . . . . . . Authchips . | . . . . . . Time . | . . . . . . Total Robot Build Rating . | . . . . . . Part Schematics Acquired 4 | . . 4 . . . Parts Built . | . . . . . . Authchips . | . . . . . . Time . | . . . . . . Total Part Build Rating . | . . . . . . Parts Repaired . | . . . . . . Time . | . . . . . . Parts Recycled . | . . . . . . Recycled Matter . | . . . . . . Retrieved Matter . | . . . . . . Retrieved Components . | . . . . . . Parts Scanalyzed 1 | . . 1 . . . Part Schematics Acquired 1 | . . 1 . . . Parts Damaged . | . . . . . . Bothacking | -11 -10 -9 -8 -7 -7 ------------ Run | Jun Mat Mat Mat Fac Gar Used RIF Installer . | . . . . . . Robots Hacked . | . . . . . . Non-combat . | . . . . . . Combat . | . . . . . . Robot Hacks Applied . | . . . . . . Relay Couplers Released . | . . . . . . Fabnet Peak Effective % . | . . . . . . Robots Rewired . | . . . . . . Allies Hacked . | . . . . . . Hacks Repelled . | . . . . . . Allies | -11 -10 -9 -8 -7 -7 -------- Run | Jun Mat Mat Mat Fac Gar Total Allies . | . . . . . . Largest Group . | . . . . . . Highest-Rated Group . | . . . . . . Highest-Rated Ally . | . . . . . . Total Orders . | . . . . . . Ally Attacks . | . . . . . . Total Damage . | . . . . . . Kills . | . . . . . . Allies Corrupted . | . . . . . . Allies Melted . | . . . . . . Intel | -11 -10 -9 -8 -7 -7 ------- Run | Jun Mat Mat Mat Fac Gar Robot Analysis Total . | . . . . . . Derelict Logs Recovered . | . . . . . . Drone Launches . | . . . . . . Drone Recoveries . | . . . . . . Exploration | -11 -10 -9 -8 -7 -7 ------------- Run | Jun Mat Mat Mat Fac Gar Turns Passed 1583 | 19 372 272 421 385 114 Spaces Moved 1095 | 15 225 287 239 258 71 Core 2 | 2 . . . . . Treads . | . . . . . . Legs . | . . . . . . Wheels 1093 | 13 225 287 239 258 71 Hover . | . . . . . . Flight . | . . . . . . Fastest Speed 80 | 80 80 80 80 80 100 Average Speed 85 | 82 80 80 80 97 100 Slowest Speed 100 | 100 80 95 95 100 100 Overloaded Moves . | . . . . . . Propulsion Burnouts . | . . . . . . Robots Hopped . | . . . . . . Cave-ins Triggered . | . . . . . . Exploration Rate (%) 21 | 2 41 34 25 6 22 Regions Visited 5 Branch Regions . Pre-discovered Areas 1 | . . . 1 . . Known Exits Taken 4 | . 1 1 1 1 . Unknown Exits Taken 1 | 1 . . . . . Scrap Searched . | . . . . . . Spaces Dug 8 | . . 7 . 1 . Terrain Destroyed 8 | . . 7 . 1 . Melee 8 | . . 7 . 1 . Projectile . | . . . . . . AOE . | . . . . . . Terrain Rammed . | . . . . . . Walls Destroyed . | . . . . . . Machines Disabled . | . . . . . . Actions | -11 -10 -9 -8 -7 -7 --------- Run | Jun Mat Mat Mat Fac Gar Total 1536 | 20 340 309 434 343 90 Wait 215 | . 47 . 150 15 3 Move 1091 | 14 224 286 238 258 71 Hop . | . . . . . . Pick Up 7 | . . 3 1 2 1 Fast Attach 15 | 4 3 5 . 3 . Attach 1 | . . . 1 . . Detach . | . . . . . . Swap 6 | . 2 1 2 1 . Drop 17 | 2 3 3 3 6 . Fire 41 | . 38 3 . . . Melee 77 | . . 8 23 31 15 Ram . | . . . . . . Kick . | . . . . . . Crush . | . . . . . . Escape Stasis 7 | . . . . 7 . Rewire . | . . . . . . Trap . | . . . . . . Miscellaneous 59 | . 23 . 16 20 . Route ------- -11/Junkyard -10/Materials -9/Materials (discovered 2 exits: *Mat / *Min) -8/Materials -7/Factory -7/Garrison History --------- Turn | Location | Event 2 | -11/Junkyard | Discovered new exit (range 1) 10 | -11/Junkyard | Upgraded with Propulsion slot (x1) 10 | -11/Junkyard | Upgraded with Utility slot (x1) 10 | -11/Junkyard | Upgraded with Weapon slot (x1) 20 | -11/Junkyard | Entered Materials 305 | -10/Materials | Build established: Mutant 385 | -10/Materials | Discovered new exit (range 9) 390 | -10/Materials | Identified exit to Materials 392 | -10/Materials | Entered another Materials area 394 | -9/Materials | Reached level 2 397 | -9/Materials | Upgraded with Utility slot (x1) 439 | -9/Materials | Reached level 3 540 | -9/Materials | Discovered new exit (range 18) 611 | -9/Materials | Identified exit to Mines 663 | -9/Materials | Discovered new exit (range 3) 663 | -9/Materials | Identified exit to Materials 664 | -9/Materials | Entered another Materials area 666 | -8/Materials | Reached level 4 746 | -8/Materials | Build established: Hacker-Mutant 1033 | -8/Materials | Discovered new exit (range 15) 1068 | -8/Materials | Identified exit to Factory 1085 | -8/Materials | Entered Factory 1087 | -7/Factory | Reached level 5 1317 | -7/Factory | Reached level 6 1368 | -7/Factory | Core integrity fell below 50% 1470 | -7/Factory | Identified exit to Garrison 1470 | -7/Factory | Entered Garrison 1472 | -7/Garrison | Reached level 7 1546 | -7/Garrison | Core integrity fell below 20% 1584 | -7/Garrison | Destroyed by G-47 Trooper with Particle Gun Last Messages --------------- 01470_ Connecting with Garrison Access... >>Unlock Access door unlocked. 01470_ EXIT=UNLOCKED: GARRISON 01470_ Connecting with Garrison Access... LOCATION=GARRISON GOAL=ESCAPE 01472_ Reached level 7. 01499_ Upgraded: Energy Storage (+100) 01499_ Upgraded: Melee Accuracy (+10) Garrison Door activated. 01515_ S-27 Virus destroyed. 01526_ Lgt. Angular Momentum Engine destroyed. 01527_ G-47 Trooper Particle Gun severed. 01530_ G-47 Trooper destroyed. 01535_ Acquired Protomatter-35. 01547_ Critical hit (Burn: +37). 01573_ Destroyed VTOL Module. 01579_ S-27 Virus Autogun severed. 01582_ G-47 Trooper destroyed. Map ----- +----------------------------------------------------+ | ??####+### ## ##????#?# #???????????????????? | | ?? ####+### #???????????????????? | | ?? [=== #???????????????????? | | ?? =%=%[ #???????????????????? | | ????# ## ## ###########???????????????????? | | ????# ## ## !###???????????????????????????? | | ????" #???????????????????????????? | | ????" #???????????????????????????? | | ????" #???????????????????????????? | | ????" #???????????????????????????? | | ????# ## ## ###???????????????????????????? | | ????# ???# ## ###########???????????????????? | | ?? #???????????????????? | | ?? #???????????????????? | | ???## ######## #???????????????????? | | ????## ##""""######??????# #???????????????????? | | ?????# ???????????????????# #???????????????????? | | ?????#????????????????????# #???????????????????? | | ??????????????????????????# #???????????????????? | | ??????????????????????????# #???????????????????? | | ??????????????????????????# #???????????????????? | | ??????????????????????????# #???????????????????? | | ??????????????????????????# #???????????????????? | | ??????????????????????????# #???????????????????? | | ??????????????????#########gg#???????????????????? | | ??????????????????# @g% #???????????????????? | | ??????????????????# ####### #???????????????????? | | ??????????????????????????# ?????????????????? | | ??????????????????????????# ??????????????? | | ??????????????????????????##########?????????????? | | ?????????????????????????????????????????????????? | | ?????????????????????????????????????????????????? | | ?????????????????????????????????????????????????? | | ?????????????????????????????????????????????????? | | ?????????????????????????????????????????????????? | | ?????????????????????????????????????????????????? | | ?????????????????????????????????????????????????? | | ?????????????????????????????????????????????????? | | ?????????????????????????????????????????????????? | | ?????????????????????????????????????????????????? | | ?????????????????????????????????????????????????? | | ?????????????????????????????????????????????????? | | ?????????????????????????????????????????????????? | | ?????????????????????????????????????????????????? | | ?????????????????????????????????????????????????? | | ?????????????????????????????????????????????????? | | ?????????????????????????????????????????????????? | | ?????????????????????????????????????????????????? | | ?????????????????????????????????????????????????? | | ?????????????????????????????????????????????????? | +----------------------------------------------------+ Best States ------------- Heat Dissipation 35 Energy Generation 18 Energy Capacity 250 Matter Stores 350 Matter Capacity 350 Sight Range 18 Robot Scan Range 4 Terrain Scan Density 10 Armor Coverage 225 Resistance: KI 10 Resistance: TH 10 Resistance: EX 5 Evasion (%) 44 Melee Accuracy 6 Core Analysis 6 Offensive Hacking 20 Defensive Hacking 20 Item Schematics ----------------- Katana | -9/Materials | Scanalyzed Imp. Targeting Computer | -9/Materials | Extracted Med. Armor Plating | -9/Materials | Extracted Weight Redist. System | -9/Materials | Extracted Robot Schematics ------------------ None Fabricated ------------ Nothing Alien Tech Used ----------------- None Achievements -------------- None Challenges ------------ None RPGLIKE | -11 -10 -9 -8 -7 -7 --------- Run | Jun Mat Mat Mat Fac Gar Levels Raised 6 | . . 2 1 2 1 XP Earned 12590 | 3000 1465 1840 2485 2750 1050 XP Spent 11750 | 2875 125 2885 1445 3095 1325 Upgrades 37 | 11 2 7 5 8 4 Propulsion Slot 1 | 1 . . . . . Utility Slot 2 | 1 . 1 . . . Weapon Slot 1 | 1 . . . . . Core Integrity 6 | . 1 1 1 3 . Energy Storage 2 | . . . . . 2 Matter Storage 1 | 1 . . . . . Mass Support 1 | . . . 1 . . Inventory Capacity 2 | . . 1 . 1 . Sight Range 2 | . 1 1 . . . Sensor Range 2 | 2 . . . . . Melee Accuracy 4 | . . . 2 . 2 Hack Attack % 4 | 1 . 2 . 1 . Hack Defense % 4 | 1 . 1 1 1 . KI Resistance % 2 | 2 . . . . . TH Resistance % 2 | 1 . . . 1 . EX Resistance % 1 | . . . . 1 . Protomatter Created 633 | . 157 . 187 220 69 Integrity Restored 1198 | . 428 . 344 426 . Core 1048 | . 366 . 259 423 . Parts 150 | . 62 . 85 3 . Protomatter Decayed 194 | . 12 . 70 78 34 Game ------ Seed SwordConcussiveInterrupter Manual? 0 Play Time 00:26:52 Cumulative 123.7 hours Start 2023.03.10 @ 23:25:35 End 2023.03.10 @ 23:54:57 Sessions 1 Manual Loads 0 Difficulty Rogue Special Mode Winter2019/RPGLIKE Game No. 188 Rogue 188 Adventurer 0 Explorer 0 Win Type - Total 2 Types 1/0/1/0/0/0/0/0/0 Lore% 50 Gallery% 59 Achievement% 50 Wizard Run 0 Options --------- ASCII 0 Keyboard 0 Movement Mouse Keybinds 0 Fullscreen 2 Font 24/Proggy Map View 113x50 Tactical HUD 1 Map Filters NONE Filters NONE Steam 1 RUN: e78f6b98-0439-4580-bf0d-3ab7e4eaa535